 Dungeon Crawl Stone Soup version 0.21.0-3-g78d12a8 (webtiles) character file.

6262 Haldmier the Frost Mage (level 10, -1/70 HPs)
             Began as a Mummy Ice Elementalist on Jan 16, 2018.
             Was a Follower of Ashenzari.
             Slain by a sixfirhy (13 damage)
             ... summoned by an orc high priest
             ... in a bailey.
             The game lasted 00:55:00 (13750 turns).

Haldmier the Frost Mage (Mummy Ice Elementalist)   Turns: 13750, Time: 00:55:01

Health: -1/70      AC:  9    Str: 12    XL:     10   Next: 62%
Magic:  9/17       EV: 11    Int: 17    God:    Ashenzari [*.....]
Gold:   312        SH:  4    Dex: 13    Spells: 5/19 levels left

rFire    x . .     SeeInvis .   b - +2 hand axe (elec)
rCold    + . .     Gourm    .   i - +0 buckler (curse)
rNeg     + + +     Faith    .   L - +0 troll leather armour
rPois    ∞         Spirit   .   s - +1 helmet
rElec    .         Reflect  .   J - +0 cloak
rCorr    .         Harm     .   e - +0 pair of gloves
MR       ++...                  B - +0 pair of boots
Stlth    ++........             p - amulet of regeneration (curse)
HPRegen  1.01/turn              z - +3 ring of slaying
MPRegen  0.15/turn              E - ring of protection from magic (curse)

@: no status effects
A: no food or potions, fire vulnerability, cold resistance 1, negative energy
resistance 3, torment resistance, unbreathing
a: Curse Item, Scrying, Renounce Religion


You were in a bailey.
You worshipped Ashenzari.
Ashenzari was aware of your devotion.
You were not hungry.

You visited 2 branches of the dungeon, and saw 11 of its levels.
You also visited: Bailey.

You collected 510 gold pieces.
You spent 198 gold pieces at shops.

Inventory:

Hand Weapons
 a - a +0 hunting sling
 b - a +2 hand axe of electrocution (weapon)
 f - a +0 dagger of venom
 l - a +2 whip of draining
 y - a +0 whip of electrocution
 H - the cursed +3 hand crossbow of Context {venom, +Blink Int-2 Dex+4 SInv}
   (You acquired it on level 8 of the Dungeon)

   It poisons the ammo it fires.
   It affects your intelligence (-2).
   It affects your dexterity (+4).
   It lets you see invisible.
   It lets you blink.
   It has a curse placed upon it.
Missiles
 n - 95 sling bullets
 r - 387 stones (quivered)
 u - a throwing net
Armour
 e - a +0 pair of gloves (worn)
 i - a cursed +0 buckler (worn)
 s - a +1 helmet (worn)
 B - a +0 pair of boots (worn)
 F - a +2 leather armour of poison resistance
 J - a +0 cloak (worn)
 L - a +0 troll leather armour (worn)
Jewellery
 g - an uncursed ring of protection from cold
 j - an uncursed ring of stealth
 p - a cursed amulet of regeneration (around neck)
 z - a +3 ring of slaying (left hand)
 E - a cursed ring of protection from magic (right hand)
 I - an uncursed ring of ice
Wands
 q - a wand of iceblast (18)
 t - a wand of paralysis (11)
 A - a wand of flame (12)
 K - a wand of disintegration (19)
Scrolls
 c - 2 scrolls of teleportation
 d - 8 scrolls of identify
 k - 4 scrolls of amnesia
 m - a scroll of immolation
 o - 2 scrolls of remove curse
 v - a scroll of fog
 w - 2 scrolls of magic mapping
 C - 2 scrolls of enchant armour
 D - 2 scrolls of fear
 M - a scroll of torment {unknown}
Books
 h - a book of Callings

   Spells                             Type                      Level
   a - Summon Small Mammal            Summoning                    1
   b - Call Imp                       Summoning                    2
   c - Call Canine Familiar           Summoning                    3
   d - Summon Guardian Golem          Hexes/Summoning              3
   e - Summon Lightning Spire         Summoning/Air                4
   f - Summon Ice Beast               Ice/Summoning                4
 x - a book of Frost

   Spells                             Type                      Level
   a - Freeze                         Ice                          1
   b - Throw Frost                    Conjuration/Ice              2
   c - Ozocubu's Armour               Charms/Ice                   3
   d - Throw Icicle                   Conjuration/Ice              4
   e - Summon Ice Beast               Ice/Summoning                4
 G - a book of Conjurations

   Spells                             Type                      Level
   a - Magic Dart                     Conjuration                  1
   b - Searing Ray                    Conjuration                  2
   c - Dazzling Spray                 Conjuration/Hexes            3
   d - Fulminant Prism                Conjuration/Hexes            4
   e - Force Lance                    Conjuration/Translocation    4
   f - Iskenderun's Mystic Blast      Conjuration                  4


   Skills:
 + Level 3.1 Fighting
 - Level 1.5 Dodging
 - Level 1.5 Stealth
 - Level 2.0 Shields
 - Level 5.0 Spellcasting
 + Level 7.1 Conjurations
 - Level 3.0 Charms
 - Level 6.5 Summonings
 + Level 8.0 Ice Magic


You had 5 spell levels left.
You knew the following spells:

 Your Spells              Type           Power        Failure   Level  Hunger
a - Freeze                Ice            ####         1%          1    N/A
b - Throw Frost           Conj/Ice       ####..       1%          2    N/A
c - Ozocubu's Armour      Chrm/Ice       ###.....     8%          3    N/A
d - Summon Ice Beast      Ice/Summ       ####....     12%         4    N/A
e - Throw Icicle          Conj/Ice       ####....     11%         4    N/A

Dungeon Overview and Level Annotations

Branches:
Dungeon (10/15)            Temple (1/1) D:5
   Lair: D:8-11         Orc: D:9-12

Altars:
Ashenzari
Cheibriados
Dithmenos
Elyvilon
Fedhas
Gozag
Hepliaklqana
Kikubaaqudgha
Makhleb
Nemelex Xobeh
Okawaru
Qazlal
Ru
Sif Muna
Trog
Uskayaw
Vehumet
Wu Jian
Xom
Yredelemnul
Zin
The Shining One

Shops:
D:4 !   D:6 :   D:9 *

Annotations:
D:7 exclusion: oklob plant


Innate Abilities, Weirdness & Mutations

You do not eat or drink.
Your flesh is vulnerable to fire.
You are immune to poison.
Your flesh is cold resistant. (rC+)
You are immune to negative energy. (rN+++)
You are immune to unholy pain and torment.
You can survive without breathing.


Message History

You freeze the orc high priest.
The orc high priest is moderately wounded.
The sixfirhy hits you. The sixfirhy shocks you!
* * * LOW HITPOINT WARNING * * *
Evoke which item? (* to show all) (? for menu, Esc to quit)
Aiming: Disintegrate
Press: ? - help, Shift-Dir - straight line, f/p - orc high priest
Aim: an orc high priest, wielding a battleaxe and wearing a ring mail (moderately wounded, chance to defeat MR: 30%)
Okay, then.
Casting: Freeze
Confirm with . or Enter, or press ? or * to list all spells.
A chill wind blows around you. The orange demon stings you from afar!
* * * LOW HITPOINT WARNING * * *
Send 'em back where they came from!
Your ice beast disappears in a puff of smoke!
You hit the orc high priest.
The orc high priest is moderately wounded.
You completely miss the sixfirhy. The sixfirhy barely misses you.
The sixfirhy hits you!
You die...

≈≈≈≈# #+#######
#≈≈≈≈≈# #.......#
#≈≈≈≈≈# +.8.8.8.#
#≈≈≈≈≈#
#.....o.######≈≈≈≈≈#
#....#..o...#.≈≈≈≈≈≈#
%#...
#......#.≈≈≈≈≈.######
.#..
#####g'#@)≈≈≈≈......#
.#o
#.....#o3≈≈≈≈......###
#
#.....)§4............#
#..⌠..)..........∩..∩#
#.....)..............#
#.....#.≈≈≈≈≈......###
####''#.≈≈≈≈≈......#
...#.≈≈≈≈≈.######
....#.≈≈≈≈≈≈#


You could see an orc high priest, an orange demon and a sixfirhy.

Vanquished Creatures
  2 two-headed ogres
  Maurice (D:8)
  A troll (D:9)
  Grinder (D:6)
  A hornet (D:9)
  2 hippogriffs (D:8)
  Eustachio (D:5)
  Duvessa (D:4)
  2 orc warriors
  3 ice beasts
  A black bear (D:6)
  3 phantoms
  4 ogres
  2 centaurs
  A bullfrog (D:6)
  A scorpion (D:5)
  Dowan (D:4)
  2 howler monkeys (D:6)
  A centaur zombie (D:8)
  5 crimson imps
  14 jellies
  A bullfrog zombie (D:8)
  6 orc priests
  A bullfrog skeleton (D:4)
  5 hounds
  Jessica (D:3)
  3 iguanas
  7 worker ants
  8 orc wizards
  2 hound zombies
  A worker ant zombie (D:5)
  Robin (D:2)
  8 adders
  5 shadow imps
  11 oozes
  2 adder zombies
  An adder skeleton (D:4)
  4 worms
  2 dart slugs
  4 leopard geckos
  50 orcs
  A ball python (D:1)
  8 bats
  A giant cockroach (D:3)
  20 goblins
  10 hobgoblins
  8 jackals
  4 kobolds
  6 quokkas
  7 frilled lizards
  A leopard gecko skeleton (D:8)
  A quokka skeleton (D:5)
  7 rats
247 creatures vanquished.

Vanquished Creatures (collateral kills)
  A cyclops (D:9)
  A troll (D:9)
2 creatures vanquished.

Vanquished Creatures (others)
  A shadow imp (D:5)
  6 fungi (D:7)
7 creatures vanquished.

Grand Total: 256 creatures vanquished

Notes
Turn   | Place    | Note
-------+----------+-------------------------------------------
     0 | D:1      | Haldmier the Mummy Ice Elementalist began the quest for the Orb.
     0 | D:1      | Reached XP level 1. HP: 13/13 MP: 4/4
   223 | D:1      | Reached XP level 2. HP: 18/19 MP: 1/6
   296 | D:1      | Learned a level 2 spell: Throw Frost
   776 | D:2      | Noticed Robin
   882 | D:2      | Reached skill level 3 in Ice Magic
  1448 | D:2      | Reached XP level 3. HP: 16/24 MP: 4/8
  1616 | D:2      | Learned a level 3 spell: Ozocubu's Armour
  1937 | D:2      | Found a hazy altar of Hepliaklqana.
  2000 | D:2      | Found a sparkling altar of Nemelex Xobeh.
  2210 | D:2      | Killed Robin
  2717 | D:3      | Reached XP level 4. HP: 30/30 MP: 10/10
  2771 | D:3      | Learned a level 4 spell: Summon Ice Beast
  3120 | D:3      | Reached skill level 1 in Conjurations
  3172 | D:3      | Noticed Jessica
  3176 | D:3      | Killed Jessica
  3384 | D:3      | Found a faded altar of an unknown god.
  3691 | D:4      | Reached XP level 5. HP: 20/35 MP: 4/11
  3847 | D:4      | Found a shattered altar of Ashenzari.
  3889 | D:4      | Found Urchi's Distillery.
  3916 | D:4      | Noticed Dowan
  3928 | D:4      | Killed Dowan
  3928 | D:4      | Reached skill level 1 in Charms
  3928 | D:4      | Reached skill level 1 in Summonings
  3951 | D:4      | Noticed Duvessa
  4437 | D:4      | Reached XP level 6. HP: 40/41 MP: 8/13
  5031 | D:4      | Reached skill level 5 in Spellcasting
  5203 | D:4      | HP: 2/41 [Duvessa/wand of flame (1) (13)]
  5212 | D:4      | Killed Duvessa
  5212 | D:4      | Reached skill level 4 in Ice Magic
  5673 | D:5      | Entered Level 5 of the Dungeon
  5796 | D:5      | Reached XP level 7. HP: 37/46 MP: 9/14
  6568 | D:5      | Found a shadowy altar of Dithmenos.
  6651 | D:5      | Noticed Eustachio
  7113 | D:5      | Killed Eustachio
  7385 | D:5      | Found a stormy altar of Qazlal.
  7427 | D:5      | Found a staircase to the Ecumenical Temple.
  7436 | Temple   | Entered the Ecumenical Temple
  7726 | D:4      | Became a worshipper of Ashenzari the Shackled
  7736 | D:4      | Learned a level 4 spell: Throw Icicle
  8518 | D:6      | Reached XP level 8. HP: 52/52 MP: 13/15
  8519 | D:6      | Found a burning altar of Makhleb.
  8519 | D:6      | Found an opulent altar of Gozag.
  8519 | D:6      | Found a glowing golden altar of the Shining One.
  8864 | D:5      | Reached skill level 1 in Shields
  9221 | D:6      | Found Fixem's Book Boutique.
  9223 | D:6      | Reached skill level 5 in Ice Magic
  9461 | D:6      | Found a blossoming altar of Fedhas.
  9650 | D:6      | Noticed Grinder
  9651 | D:6      | Paralysed by Grinder for 3 turns
  9667 | D:6      | Killed Grinder
  9794 | D:6      | Found a white marble altar of Elyvilon.
  9853 | D:6      | Found a basalt altar of Yredelemnul.
 10089 | D:6      | Reached XP level 9. HP: 38/57 MP: 8/16
 10350 | D:7      | Noticed an oklob plant
 10441 | D:7      | Reached skill level 6 in Ice Magic
 10570 | D:7      | Reached skill level 5 in Conjurations
 10730 | D:7      | Reached skill level 5 in Summonings
 11771 | D:8      | Identified a scroll of acquirement
 11772 | D:8      | Got the cursed hand crossbow of Context {venom, +Blink Int-2 Dex+4 SInv}
 11828 | D:8      | Noticed Maurice
 12275 | D:8      | Killed Maurice
 12275 | D:8      | Reached skill level 7 in Ice Magic
 12368 | D:8      | Noticed a two-headed ogre
 12379 | D:8      | Killed a two-headed ogre
 12379 | D:8      | Reached XP level 10. HP: 26/63 MP: 2/17
 12684 | D:8      | Identified the cursed +3 hand crossbow of Context {venom, +Blink Int-2 Dex+4 SInv} (You acquired it on level 8 of the Dungeon)
 12902 | D:9      | Reached * piety under Ashenzari
 12933 | D:9      | Found Ycunneat's Assorted Antiques.
 12941 | D:9      | Bought a scroll of remove curse for 66 gold pieces
 12941 | D:9      | Bought a scroll of remove curse for 66 gold pieces
 12941 | D:9      | Bought a scroll of remove curse for 66 gold pieces
 13054 | D:9      | Reached skill level 1 in Fighting
 13339 | D:9      | Noticed a cyclops
 13350 | D:9      | Killed a cyclops
 13555 | D:10     | Entered Level 10 of the Dungeon
 13590 | D:10     | Noticed a two-headed ogre
 13604 | D:10     | Killed a two-headed ogre
 13619 | D:10     | Found a flagged portal.
 13688 | Bailey   | Entered a bailey
 13742 | Bailey   | Noticed an orc high priest
 13743 | Bailey   | Reached skill level 8 in Ice Magic
 13747 | Bailey   | Noticed an orange demon
 13747 | Bailey   | Noticed a sixfirhy
 13750 | Bailey   | Slain by a sixfirhy

Skill      XL: |  1  2  3  4  5  6  7  8  9 10 |
---------------+-------------------------------+-----
Spellcasting   | 3 4 5 |  5.0
Ice Magic      | 3 4 5 7 8 |  8.0
Conjurations   | 1 2 3 4 6 7 |  7.1
Charms         | 1 2 3 |  3.0
Summonings     | 1 2 3 4 6 |  6.5
Shields        | 2 |  2.0
Fighting       | 3 |  3.1
Dodging        | |  1.5
Stealth        | |  1.5

Action                   |  1- 3 |  4- 6 |  7- 9 | 10-12 || total
-------------------------+-------+-------+-------+-------++-------
Melee: Dagger            |       |     6 |    11 |       ||    17
       Whip              |       |       |    41 |       ||    41
       Hand axe          |       |       |    95 |   115 ||   210
 Fire: Hunting sling     |     6 |    88 |    84 |       ||   178
 Cast: Freeze            |    71 |    50 |   201 |    24 ||   346
       Throw Frost       |     2 |       |    18 |       ||    20
       Ozocubu's Armour  |       |     1 |    15 |    11 ||    27
       Summon Ice Beast  |       |       |     3 |     9 ||    12
Invok: Curse Item        |       |       |     1 |     2 ||     3
Evoke: Wand              |       |     5 |       |       ||     5
  Use: Scroll            |       |     9 |     5 |     1 ||    15
 Stab: Paralysed         |       |     6 |       |       ||     6
       Sleeping          |       |       |     3 |     1 ||     4
       Distracted        |       |       |     1 |       ||     1
Armor: Robe              |     9 |    10 |    67 |       ||    86
       Leather armour    |       |       |    39 |    53 ||    92
       Troll leather arm |       |       |       |    20 ||    20
Dodge: Dodged            |    33 |    29 |   156 |    84 ||   302
Block: Buckler           |       |       |    46 |    28 ||    74
